 Dungeon Crawl Stone Soup version 0.31-a0-845-g9abc20d24f (webtiles) character file.

Game seed: 10909250064568314415

2249 BinkBink the Ruffian (level 9, -1/74 HPs)
             Began as a Yellow Draconian Shapeshifter on Oct 3, 2023.
             Was an Initiate of Qazlal.
             Slain by a hornet (8 damage)
             ... on level 8 of the Dungeon.
             The game lasted 00:17:00 (7101 turns).

BinkBink the Ruffian (DrSh)                         Turns: 7101, Time: 00:17:03

Health: -1/74      AC:  7    Str: 24    XL:     9   Next: 15%
Magic:  9/9        EV: 13    Int: 12    God:    Qazlal [......]
Gold:   405        SH:  0    Dex: 12    Spells: 8/8 levels left

rFire   . .          .
                       - Unarmed
rCold   . . .        (no shield)
rNeg    . . .        (body armour unavailable)
rPois   .            (helmet currently unavailable)
rElec   .            (cloak currently unavailable)
rCorr   +            (gloves currently unavailable)
SInv    +            (boots currently unavailable)
Will    +....        (no amulet)
Stlth   +            o - ring of see invisible
HPRegen 0.32/turn    G - +6 ring of strength
MPRegen 0.11/turn

%: no passive effects
@: lethally poisoned (-1 -> -6), short of breath, beast-form, enlightened,
flying, slowed, studying 2 skills, very slow
A: beast (slay +4), spit acid, AC +7, unfitting armour, cold-blooded, acid
resistance
a: Breathe Acid, Begin Untransformation, Renounce Religion


You were on level 8 of the Dungeon.
You worshipped Qazlal.
Qazlal was noncommittal.
You were a hulking beast.
You visited 2 branches of the dungeon, and saw 9 of its levels.
You also visited: Sewer.

You collected 405 gold pieces.

Inventory:

Hand Weapons
 w - a +0 arbalest
 y - a +2 flail of protection
Magical Staves
 d - a staff of fire
Jewellery
 o - a ring of see invisible (left hand)
 D - a ring of ice
 G - a +6 ring of strength (right hand)
Talismans
 b - a beast talisman (active)
 c - a flux talisman
Wands
 I - a wand of mindburst (13)
Scrolls
 e - 4 scrolls of vulnerability {unknown}
 f - 3 scrolls of teleportation {unknown}
 g - a scroll of enchant armour {unknown}
 h - a scroll of enchant weapon {unknown}
 k - a scroll of blinking
 l - 2 scrolls of torment {unknown}
 m - 2 scrolls of revelation
 n - a scroll of acquirement {unknown}
 q - 3 scrolls of poison
 t - a scroll of summoning {unknown}
 u - 3 scrolls of fear
 B - 2 scrolls of noise {unknown}
 E - a scroll of identify
 H - a scroll of silence {unknown}
Potions
 a - a potion of lignification
 i - 2 potions of resistance {unknown}
 j - 3 potions of curing {unknown}
 p - 3 potions of degeneration {unknown}
 r - a potion of berserk rage {unknown}
 s - 2 potions of enlightenment
 v - 3 potions of mutation
 x - a potion of brilliance {unknown}
 z - a potion of haste {unknown}
 A - 2 potions of might {unknown}
 C - 2 potions of attraction {unknown}
 F - a potion of invisibility {unknown}


   Skills:
 + Level 5.3 Fighting
 + Level 4.7 Dodging
 * Level 7.7 Unarmed Combat
 * Level 7.2 Shapeshifting


You had 8 spell levels left.
You didn't know any spells.
Your spell library contained the following spells:

 Spells                   Type           Power      Damage    Failure   Level
 Kiss of Death            Conj/Necr      0%         2d5       32%         1
 Sandblast                Erth           0%         2d4       32%         1
 Blink                    Tloc           0%         N/A       45%         2
 Passwall                 Tmut/Erth      0%         N/A       45%         2
 Sublimation of Blood     Necr           0%         N/A       45%         2
 Confusing Touch          Hex            0%         N/A       69%         3
 Hailstorm                Conj/Ice       0%         3d3       69%         3
 Stone Arrow              Conj/Erth      0%         3d7       69%         3
 Brom's Barrelling Bould  Conj/Erth      0%         2d3       97%         4
 Dispel Undead            Necr           0%         3d6       97%         4
 Manifold Assault         Tloc           0%         N/A       97%         4
 Petrify                  Tmut/Erth      0%         N/A       97%         4
 Summon Ice Beast         Ice/Summ       0%         N/A       97%         4
 Irradiate                Conj/Tmut      0%         3d11      100%        5
 Simulacrum               Ice/Necr       0%         N/A       100%        6


Dungeon Overview and Level Annotations

Branches:
Dungeon (8/15)             Temple (1/1) D:7           Sewer (visited)
   Lair: D:8-11

Altars:
Ashenzari
Cheibriados
Dithmenos
Elyvilon
Fedhas
Gozag
Hepliaklqana
Kikubaaqudgha
Makhleb
Nemelex Xobeh
Okawaru
Qazlal
Ru
Sif Muna
Trog
Uskayaw
Vehumet
Wu Jian
Yredelemnul

Annotations:
D:5 1 runed translucent door, Oronoi's ghost, novice HOFi


Innate Abilities, Weirdness & Mutations

You are a hulking beast.
Your limbs bulge with bestial killing power. (Slay +4)
You can spit globs of acid.
Your golden yellow scales are hard. (AC +7)
You cannot fit into any form of body armour.
You are cold-blooded and may be slowed by cold attacks.
You are resistant to acid. (rCorr)


Message History

You suddenly lose the ability to move!
You feel very sick. The hornet stings you!
You feel yourself slow down. The hornet stings you!
You feel as though you will be slow longer.
You can move again.
You hit the hornet.
Your tail-slap misses the hornet.
The hornet is moderately wounded.
You feel very sick. The hornet closely misses you.
You are too injured to fight recklessly!
You barely miss the hornet.
The hornet is moderately wounded.
You feel sick. The hornet stings you.
You suddenly lose the ability to move!
The hornet stings you!
You are more poisoned.
You feel as though you will be slow longer.
The hornet stings you but does no damage.
You can move again.
You barely miss the hornet.
The hornet is moderately wounded.
You feel very sick. The hornet misses you. The hornet stings you.
* * * LOW HITPOINT WARNING * * *
You shrug off the repeated paralysis!
Press: ? - help, Shift-Dir - straight line, f - hornet
Aim: a hornet (moderately wounded, 47% to hit)
You spit a glob of acid.
The glob of acid hits the hornet!
The acid corrodes the hornet!
The hornet is severely wounded.
* * * LOW HITPOINT WARNING * * *
You feel very sick.
The hornet stings you but does no damage.
The hornet barely misses you.
It was a potion of enlightenment.
You feel very buoyant.
You fly up into the air.
* * * LOW HITPOINT WARNING * * *
You feel very sick. The hornet stings you!
You die...

######$#
#......#
.......#
.......#
#......
####....
#..y..#
#h# #.#
#.# #.#
#.. ...
... ....


You could see a hornet (corroded).

Vanquished Creatures
  A yak (D:4)
  An orc warrior (D:7)
  5 ice beasts
  2 sky beasts (D:7)
  Pargi (Sewer)
  A bullfrog (D:6)
  3 scorpions
  5 wights (D:6)
  2 howler monkeys (D:6)
  3 jellies
  An orc priest (D:5)
  3 hounds
  A gnoll bouda (D:4)
  A sleepcap (D:4)
  An iguana (D:4)
  6 orc wizards
  6 gnolls
  4 adders
  A shadow imp (D:6)
  2 ufetubi
  6 worms
  2 dart slugs
  23 orcs
  8 endoplasms
  3 giant cockroaches
  8 goblins
  6 hobgoblins
  10 jackals
  4 quokkas
  10 ball pythons
  8 bats
  11 frilled lizards
  8 kobolds
  9 rats
166 creatures vanquished.

Notes
Turn   | Place    | Note
-------+----------+-------------------------------------------
     0 | D:1      | BinkBink the Draconian Shapeshifter began the quest for the
                  | Orb.
     0 | D:1      | Reached XP level 1. HP: 16/16 MP: 1/1
    61 | D:1      | Reached XP level 2. HP: 21/23 MP: 2/2
   266 | D:1      | Reached XP level 3. HP: 25/28 MP: 3/3
  1229 | D:2      | Reached XP level 4. HP: 29/36 MP: 4/4
  2249 | D:3      | Found a broken altar of Ashenzari.
  2354 | D:4      | Reached XP level 5. HP: 17/42 MP: 5/5
  2525 | D:4      | Found a white marble altar of Elyvilon.
  2658 | D:4      | Found a glowing drain.
  2687 | Sewer    | Entered a sewer
  2873 | Sewer    | Noticed Pargi
  2893 | Sewer    | Killed Pargi
  2894 | Sewer    | Reached XP level 6. HP: 38/50 MP: 6/6
  3139 | D:4      | Reached skill level 5 in Unarmed Combat
  3612 | D:4      | Noticed a yak
  3636 | D:4      | Killed a yak
  3637 | D:4      | Reached skill level 5 in Shapeshifting
  3637 | D:4      | Your scales start taking on a golden yellow colour.
  3637 | D:4      | Reached XP level 7. HP: 23/57 MP: 7/7
  3637 | D:4      | Gained mutation: You are resistant to acid. (rCorr) [Yellow
                  | Draconian growth]
  3896 | D:5      | Entered Level 5 of the Dungeon
  3948 | D:5      | Found a runed translucent door.
  3952 | D:5      | Noticed Oronoi's ghost (novice HOFi)
  3968 | D:5      | Found a burning altar of Makhleb.
  4728 | D:6      | Reached XP level 8. HP: 63/66 MP: 8/8
  5324 | D:6      | Found an ancient bone altar of Kikubaaqudgha.
  5604 | D:6      | Found a hide-covered altar of Uskayaw.
  5804 | D:6      | Found a sacrificial altar of Ru.
  6242 | D:7      | Reached skill level 5 in Fighting
  6346 | D:7      | Found a staircase to the Ecumenical Temple.
  6353 | Temple   | Entered the Ecumenical Temple
  6395 | Temple   | Became a worshipper of Qazlal Stormbringer
  6711 | D:7      | Reached XP level 9. HP: 68/74 MP: 9/9
  7095 | D:8      | Paralysed by a hornet for 1 turns
  7098 | D:8      | Paralysed by a hornet for 1 turns
  7101 | D:8      | Slain by a hornet

Illustrated notes

Levels and vault maps discovered:
D:1:      dpeg_arrival_subterranean_lakeside_camping, layout_loops_ring,
          minmay_tromino_mix6
D:2:      layout_loops_cross
D:3:      layout_loops_ring, lemuel_round_altar
D:4:      layout_loops_ring, elyvilon_altar_3, cheibrodos_sewer_entry_drain,
          minmay_manual_moon
D:5:      layout_cave_pools, bloody_makhleb, hellmonk_ghost_happy_afterlife
D:6:      layout_layer_cave, hangedman_ru_absence, kiku_gazebo_garden_becter,
          nicolae_uskayaw_suspiria, minmay_manual_monolith
D:7:      layout_gridville, minmay_temple_entry_statues_pillars
D:8:      wad_lake_hut, layout_rooms, serial_shops, shop,
          nicolae_ossuary_entry_plus, uniq_maggie, uniq_pikel
Temple:   cyrus_circular_temple

Skill      XL: |  1  2  3  4  5  6  7  8 |
---------------+-------------------------+-----
Dodging        | 2 3 4 |  4.7
Fighting       | 2 3 4 5 |  5.3
Unarmed Combat | 4 5 6 7 |  7.7
Shapeshifting  | 4 5 7 |  7.2

Action                     |  1- 3 |  4- 6 |  7- 9 || total
---------------------------+-------+-------+-------++-------
  Melee: Unarmed           |   143 |   165 |   233 ||   541
         Tailslap          |    13 |    28 |    32 ||    73
         Punch             |     5 |     4 |     7 ||    16
Ability: Breathe Acid      |       |       |     1 ||     1
    Use: Scroll            |       |     4 |     3 ||     7
         Potion            |       |     2 |     1 ||     3
   Stab: Sleeping          |       |     2 |     1 ||     3
 Armour: Skin              |    65 |    91 |   133 ||   289
  Dodge: Dodged            |    84 |    85 |   123 ||   292

Table legend: (Time is in decaauts)
 A = Elapsed time spent in this place.
 B = Non-inter-level travel time spent in this place.
 C = Inter-level travel time spent in this place.
 D = Time resting spent in this place.
 E = Time spent auto-exploring this place.
 F = Levels seen in this place.
 G = Mean time per level.
                   A        B        C        D        E       F      G
               +--------+--------+--------+--------+--------+-----+--------+
         Total |   7109 |   6908 |    201 |    252 |   4966 |  10 |  710.9 |
       Dungeon |   6668 |   6467 |    201 |    150 |   4783 |   8 |  833.5 |
        Temple |     55 |     55 |      0 |      0 |      0 |   1 |   55.0 |
         Sewer |    386 |    386 |      0 |    101 |    182 |   1 |  386.0 |
               +--------+--------+--------+--------+--------+-----+--------+

Top non-repeatable levels by time:
     D:6: 1302 daAuts
     D:4: 1165 daAuts
     D:5: 985 daAuts
     D:3: 966 daAuts
     D:1: 818 daAuts
     D:7: 800 daAuts
     D:2: 620 daAuts
   Sewer: 386 daAuts
  Temple: 55 daAuts
     D:8: 8 daAuts
